 Dungeon Crawl Stone Soup version 0.19.1-1-g22dce08 (webtiles) character file.

5 Boing the Digger (level 1, -4/10 HPs)
             Began as a Gargoyle Earth Elementalist on Jan 18, 2017.
             Slain by a hobgoblin
             ... wielding a cursed +0 club
              (5 damage)
             ... on level 1 of the Dungeon.
             The game lasted 00:01:43 (275 turns).

Boing the Digger (Gargoyle Earth Elementalist)       Turns: 275, Time: 00:01:44

Health: -4/10      AC:  4    Str: 11    XL:     1   Next: 80%
Magic:  1/3        EV: 12    Int: 15    God:
Gold:   8          SH:  0    Dex: 10    Spells: 1 memorised, 3 levels left

rFire  . . .     SeeInvis .     (no weapon)
rCold  . . .     Gourm    .     c - +0 robe
rNeg   + . .     Faith    .     (no shield)
rPois  ∞         Spirit   .     (no helmet)
rElec  +         Reflect  .     (no cloak)
rCorr  .         Harm     .     (no gloves)
MR     .....                    (no boots)
Stlth  ++........               (no amulet)
                                (no ring)
                                (no ring)

@: no status effects
A: negative energy resistance 1, electricity resistance, unbreathing,
petrification resistance, rot immunity, AC +2
a: no special abilities


You were on level 1 of the Dungeon.
You were not hungry.

You visited 1 branch of the dungeon, and saw 1 of its levels.

You collected 8 gold pieces.

Inventory:

Missiles
 b - 20 stones (quivered)
Armour
 c - a +0 robe (worn)
Scrolls
 f - a scroll of enchant armour {unknown}
Potions
 a - a potion of resistance {unknown}
Books
 e - a book of Geomancy

   Spells                             Type                      Level
   a - Sandblast                      Earth                        1
   b - Passwall                       Transmutation/Earth          2
   c - Stone Arrow                    Conjuration/Earth            3
   d - Petrify                        Transmutation/Earth          4
   e - Lee's Rapid Deconstruction     Earth                        5
Comestibles
 d - a bread ration


   Skills:
 + Level 1.6 Dodging
 + Level 2.3 Stealth
 + Level 2.2 Spellcasting
   Level 0.7 Transmutations
 + Level 3.7 Earth Magic


You had 3 spell levels left.
You knew the following spells:

 Your Spells              Type           Power        Failure   Level  Hunger
a - Sandblast             Erth           ##....       6%          1    #......


Dungeon Overview and Level Annotations

Branches:
Dungeon (1/15)

Altars:


Innate Abilities, Weirdness & Mutations

You are resistant to torment.
Your stone body is resilient. (AC +2)
You are immune to poison.
You resist negative energy. (rN+)
You are resistant to electric shocks. (rElec)
You can survive without breathing.
You are immune to petrification.
You are immune to rotting.


Message History

Casting: Sandblast
Confirm with . or Enter, or press ? or * to list all spells.
You don't have enough magic to cast that spell.
Unknown command.
You hit the hobgoblin but do no damage. The hobgoblin hits you with a club.
You hit the hobgoblin but do no damage. The hobgoblin misses you.
You hit the hobgoblin but do no damage. You hit the hobgoblin but do no damage.
The hobgoblin hits you but does no damage.
You closely miss the hobgoblin. The hobgoblin misses you.
You barely miss the hobgoblin. The hobgoblin barely misses you.
You barely miss the hobgoblin. The hobgoblin hits you with a club.
Ouch! That really hurt!
* * * LOW HITPOINT WARNING * * *
You closely miss the hobgoblin. The hobgoblin misses you.
You barely miss the hobgoblin. The hobgoblin hits you with a club.
* * * LOW HITPOINT WARNING * * *
You closely miss the hobgoblin. The hobgoblin hits you with a club.
Ouch! That really hurt!
You die...

###.### #x#.#n#
###.### #p#.#e#
###.### #p#.#p#
###.########
#i#.#h##..?#######
###.###...@g†.....
#O#.#f##...####.##
###.#####.##
#T#.#o#...#####..
###.###..........
#K#.#M#...#####..
###.###....#
#9#.#V#..#.#
###.###>.#...


You could see a hobgoblin.

Vanquished Creatures
  A leopard gecko (D:1)
  A bat (D:1)
  A frilled lizard (D:1)
  A goblin (D:1)
  2 rats (D:1)
6 creatures vanquished.

Notes
Turn   | Place    | Note
-------+----------+-------------------------------------------
     0 | D:1      | Boing the Gargoyle Earth Elementalist began the quest for the Orb.
     0 | D:1      | Reached XP level 1. HP: 10/10 MP: 3/3
     2 | D:1      | Noticed a demonspawn
     3 | D:1      | Noticed a formicid
     5 | D:1      | Noticed an octopode
     5 | D:1      | Noticed a ghoul
     7 | D:1      | Noticed a human
     7 | D:1      | Noticed an elf
     9 | D:1      | Noticed a halfling
     9 | D:1      | Noticed a demigod
    11 | D:1      | Noticed a spriggan
    11 | D:1      | Noticed a felid
    13 | D:1      | Noticed an ogre
    13 | D:1      | Noticed a vine stalker
    15 | D:1      | Noticed a troll
    21 | D:1      | Noticed a gargoyle
    21 | D:1      | Noticed a vampire
    23 | D:1      | Noticed a naga
    23 | D:1      | Noticed a minotaur
    25 | D:1      | Noticed a tengu
    25 | D:1      | Noticed a draconian
    27 | D:1      | Noticed a centaur
    29 | D:1      | Noticed a dwarf
    29 | D:1      | Noticed a merfolk
   275 | D:1      | Slain by a hobgoblin

Action                   || total
-------------------------++-------
Melee: Unarmed           ||    24
 Cast: Sandblast         ||     8
Armor: Robe              ||    13
Dodge: Dodged            ||    29
